 Dungeon Crawl Stone Soup version 0.23-a0-625-g1d2cd9b (console) character file.

248 Duffy the Caller (level 5, -20/28 HPs)
             Began as a Deep Elf Summoner on Dec 24, 2018.
             Demolished by an ogre
             ... wielding a +0 giant club
              (24 damage)
             ... on level 5 of the Dungeon.
             The game lasted 00:07:38 (5111 turns).

Duffy the Caller (Deep Elf Summoner)                Turns: 5111, Time: 00:07:39

Health: -20/28     AC:  5    Str:  5    XL:     5   Next: 86%
Magic:  4/15       EV: 13    Int: 21    God:
Gold:   208        SH:  0    Dex: 15    Spells: 1/15 levels left

rFire    . . .     SeeInvis .   f - throwing net
rCold    . . .     Gourm    .   (no shield)
rNeg     . . .     Faith    .   a - +0 robe
rPois    .         Spirit   .   (no helmet)
rElec    .         Reflect  .   (no cloak)
rCorr    .         Harm     .   (no gloves)
MR       .....                  b - +0 pair of boots
Stlth    ++........             (no amulet)
HPRegen  0.09/turn              j - +2 ring of protection
MPRegen  0.14/turn              s - -2 ring of slaying (curse)

@: very slightly contaminated
A: no striking features
a: no special abilities


You were on level 5 of the Dungeon.
You were very hungry.

You visited 1 branch of the dungeon, and saw 5 of its levels.

You collected 208 gold pieces.

Inventory:

Missiles
 f - a throwing net (in hand)
Armour
 a - a +0 robe (worn)
 b - a +0 pair of boots (worn)
Jewellery
 j - a +2 ring of protection (left hand)
 s - a cursed -2 ring of slaying (right hand)
Wands
 r - a wand of paralysis (2)
Scrolls
 d - a scroll of enchant weapon
 e - a scroll of immolation
 g - 4 scrolls of teleportation
 h - a scroll of enchant armour {unknown}
 i - 2 scrolls of remove curse
 l - 2 scrolls of magic mapping
 o - a scroll of amnesia {unknown}
 t - a scroll of fog {unknown}
Potions
 k - 2 potions of agility {unknown}
 m - a potion of degeneration {unknown}
 n - 4 potions of haste {unknown}
 p - 2 potions of flight {unknown}
 q - 2 potions of heal wounds {unknown}
 u - a potion of mutation {unknown}
Comestibles
 c - 9 rations


   Skills:
 - Level 2.4 Dodging
 - Level 2.4 Stealth
 + Level 5.7 Spellcasting
 + Level 6.0 Summonings
 + Level 0.6 Ice Magic
 + Level 2.1 Air Magic


You had one spell level left.
You knew the following spells:

 Your Spells              Type           Power        Failure   Level  Hunger
h - Call Imp              Summ           ####....     1%          2    None
j - Call Canine Familiar  Summ           ####....     2%          3    ##.....
k - Summon Ice Beast      Ice/Summ       ###.....     26%         4    ####...
l - Summon Lightning Spi  Summ/Air       ###.....     19%         4    ####...
y - Summon Small Mammal   Summ           ####         1%          1    None

Your spell library contained the following spells:

 Spells                   Type           Power        Failure   Level  Hunger
 Summon Guardian Golem    Hex/Summ       ###.....     9%          3    ##.....


Dungeon Overview and Level Annotations

Branches:
Dungeon (5/15)
 Temple: D:4-7

Altars:
Ashenzari
The Shining One


Message History

Something barely misses your crimson imp.
The ogre barely misses your crimson imp.
Something hits your hound.
Your hound dies!
Your hound's corpse disappears in a puff of smoke!
Your crimson imp blinks!
A sky beast appears from thin air!
Reactivating autopickup.
Your white imp closely misses the sky beast.
The sky beast hits your white imp but does no damage.
You see here 2 gold pieces.
Your white imp barely misses the sky beast.
The sky beast hits your white imp but does no damage.
Your white imp hits the sky beast.
Your white imp freezes the sky beast.
The sky beast hits your white imp but does no damage.
You see here 2 gold pieces.
You swap places.
The ogre hits you with a +0 giant club!!
Ouch! That really hurt!
You die...

##..#. ##..#.# ...#
...... .....# ...#
..#.###..#.##...##.
................. ...
.....#....# # #.#
#.##.#..).#
#.##.###.##.#%...###.
#....Y...............
..#######@###.##.#....###
g.......5O.5............#
.................5......#
..#######<..............#
#####...~.......#
.............#
####..........#
#........... ....##......


You could see a sky beast, an ogre, a friendly crimson imp and a friendly white
imp.

Vanquished Creatures (collateral kills)
  Blork the orc (D:4)
  A centaur skeleton (D:4)
  2 orc wizards (D:4)
  Ijyb (D:4)
  Terence (D:2)
  2 worker ants (D:4)
  A gnoll (D:3)
  8 adders
  A shadow imp (D:5)
  2 oozes
  2 worms
  An adder skeleton (D:4)
  4 dart slugs
  2 leopard geckos
  9 orcs
  8 giant cockroaches
  6 goblins
  8 hobgoblins
  4 jackals (D:2)
  8 kobolds
  A quokka (D:2)
  7 bats
  A frilled lizard (D:2)
  10 rats
91 creatures vanquished.

Notes
Turn   | Place    | Note
-------+----------+-------------------------------------------
     0 | D:1      | Duffy the Deep Elf Summoner began the quest for the Orb.
     0 | D:1      | Reached XP level 1. HP: 10/10 MP: 6/6
   692 | D:1      | Reached XP level 2. HP: 10/15 MP: 3/8
   696 | D:1      | Learned a level 2 spell: Call Imp
  1782 | D:2      | Noticed Terence
  1836 | D:2      | Killed Terence
  1836 | D:2      | Reached skill level 5 in Summonings
  1836 | D:2      | Reached XP level 3. HP: 18/19 MP: 0/10
  1841 | D:2      | Learned a level 3 spell: Call Canine Familiar
  1985 | D:2      | Found a shattered altar of Ashenzari.
  2915 | D:2      | Found a glowing golden altar of the Shining One.
  3266 | D:3      | Reached XP level 4. HP: 24/24 MP: 5/12
  3364 | D:3      | Learned a level 4 spell: Summon Lightning Spire
  3679 | D:3      | Reached skill level 5 in Spellcasting
  4151 | D:4      | Noticed Ijyb
  4154 | D:4      | Noticed Blork the orc
  4188 | D:4      | Killed Ijyb
  4188 | D:4      | Reached skill level 1 in Air Magic
  4206 | D:4      | Killed Blork the orc
  4206 | D:4      | Reached XP level 5. HP: 28/28 MP: 2/14
  4712 | D:4      | Learned a level 4 spell: Summon Ice Beast
  4780 | D:4      | Reached skill level 6 in Summonings
  5060 | D:5      | Entered Level 5 of the Dungeon
  5068 | D:5      | Noticed an ogre
  5081 | D:5      | Noticed a sky beast
  5111 | D:5      | Demolished by an ogre

Vault maps used:
D:1:      dpeg_arrival_round_c
D:2:      nicolae_overflow_hidden_temple, marbit_many_paths, uniq_terence
D:3:      minmay_diced_spiral
D:4:      uniq_blork_the_orc, uniq_ijyb
D:5:      lemuel_coloured_pillars_altar, first_ration, basic_altar,
          uniq_prince_ribbit1

Skill      XL: |  1  2  3  4  5 |
---------------+----------------+-----
Spellcasting   | 4 5 |  5.7
Summonings     | 5 6 |  6.0
Air Magic      | 1 2 |  2.1
Dodging        | |  2.4
Stealth        | |  2.4
Ice Magic      | |  0.6

Action                   |  1- 3 |  4- 6 || total
-------------------------+-------+-------++-------
 Cast: Summon Small Mamm |    41 |     1 ||    42
       Call Imp          |    11 |    27 ||    38
       Call Canine Famil |    20 |    18 ||    38
       Summon Ice Beast  |       |     1 ||     1
  Use: Scroll            |       |     5 ||     5
  Eat: Chunk             |     8 |     6 ||    14
Armor: Robe              |    19 |     8 ||    27
Dodge: Dodged            |    55 |    11 ||    66

Table legend:
 A = Non-vault XP
 B = Vault XP
 C = Vault XP percentage of total XP
 D = Non-vault monster count
 E = Vault monster count
 F = Vault count percentage of total count
                 A         B        C        D         E       F
            +---------+---------+-------+---------+---------+-------
      Total |     253 |     102 |  28.7 |      83 |       8 |   8.8
            +---------+---------+-------+---------+---------+-------
        D:1 |      20 |       0 |   0.0 |      16 |       0 |   0.0
        D:2 |      40 |      20 |  33.3 |      28 |       2 |   6.7
        D:3 |      61 |      12 |  16.4 |      22 |       4 |  15.4
        D:4 |     124 |      70 |  36.1 |      15 |       2 |  11.8
        D:5 |       8 |       0 |   0.0 |       2 |       0 |   0.0
            +---------+---------+-------+---------+---------+-------
